AoeStats
← 烏雲中

Lombardia

508906917Analyzed
4v4 RM · 8d ago on Sep 24, 2026· 21m 0s· 8 players
Game mode
Random Map
Map size
Large (8 player)
Population
200
Speed
Normal
Resources
Standard
Victory
Conquest
Starting age
Dark Age
Ending age
Imperial Age
RankedLock teamsTeams togetherTeam positionsShared explorationLock speedFull tech treeHidden civsTurbo modeCheats
Victory
Defeat
🇹🇼 Franks · Taiwan
1632
+8
🇹🇼 Tupi · Taiwan
1478
+14
🇹🇼 Saxons · Taiwan
1453
+15
🇹🇼 Varangians · Taiwan
1343
+20
🇦🇹 Japanese · Austria
1458
-15
🇺🇸 Teutons · United States
1445
-15
🇦🇷 Khmer · Argentina
1426
-14
🇨🇳 Berbers · China
1416
-13
网恋被骗50块
8:44 Loom
10:30 Feudal Age
12:06 Double-Bit Axe
16:05 Castle Age
13:52 Horse Collar
16:03 Bloodlines
titumir
7:21 Loom
9:30 Feudal Age
10:28 Double-Bit Axe
12:30 Wheelbarrow
11:36 Horse Collar
15:20 Bloodlines
16:39 Scale Barding Armor
17:39 Forging
23:30 Castle Age
LiquidSteel71
9:19 Feudal Age
9:55 Double-Bit Axe
9:58 Loom
10:41 Horse Collar
15:42 Scale Barding Armor
17:24 Fletching
18:49 Forging
IRON MIKE
6:45 Loom
8:53 Feudal Age
9:36 Man-at-Arms
14:34 Double-Bit Axe
好警察
8:20 Loom
10:37 Feudal Age
11:14 Double-Bit Axe
13:01 Fletching
18:48 Castle Age
19:16 Gold Mining
19:27 Bodkin Arrow
19:57 Bow Saw
22:00 Wheelbarrow
烏雲中
6:13 Loom
9:17 Feudal Age
10:11 Double-Bit Axe
16:58 Scale Barding Armor
18:17 Bloodlines
20:00 Wheelbarrow
反反派
5:49 Loom
8:54 Feudal Age
9:30 Double-Bit Axe
13:50 Fletching
高德納
5:53 Loom
8:55 Feudal Age
10:14 Double-Bit Axe
16:22 Fletching
Connection lost

Rejoining the realm…

Still unreachable

The connection could not be restored.

Session expired

The server has moved on; the page needs a fresh start.